 Dungeon Crawl Stone Soup version 0.21-a0-417-g0adc95b (webtiles) character file.

3076 Slyspawn the Carver (level 10, -1/76 HPs)
             Began as a Formicid Fighter on Nov 3, 2017.
             Was a Priest of Okawaru.
             Slain by a howler monkey (3 damage)
             ... on level 8 of the Dungeon.
             The game lasted 00:23:38 (7199 turns).

Slyspawn the Carver (Formicid Fighter)              Turns: 7199, Time: 00:23:40

Health: -1/76      AC: 14    Str: 22    XL:     10   Next: 12%
Magic:  0/10       EV:  7    Int:  9    God:    Okawaru [***...]
Gold:   386        SH: 11    Dex: 11    Spells: 9/9 levels left

rFire    . . .     SeeInvis +   a - +0 long sword
rCold    . . .     Gourm    .   c - +0 shield
rNeg     . . .     Faith    .   d - +0 plate armour
rPois    .         Spirit   +   (helmet unavailable)
rElec    .         Reflect  .   (no cloak)
rCorr    +         Harm     .   s - +0 pair of gloves
MR       ++...                  (no boots)
Stlth    ..........             A - amulet of guardian spirit
HPRegen  0.22/turn              r - ring of protection from magic
MPRegen  0.12/turn              i - ring of resist corrosion

@: no status effects
A: permanent stasis, dig shafts and tunnels, four strong arms, antennae 3
a: Dig, Shaft Self, Heroism, Renounce Religion


You were on level 8 of the Dungeon.
You worshipped Okawaru.
Okawaru was most pleased with you.
You were not hungry.

You visited 2 branches of the dungeon, and saw 9 of its levels.
You also visited: Ossuary.

You collected 386 gold pieces.

Inventory:

Hand Weapons
 a - a +0 long sword (weapon)
Missiles
 l - 4 tomahawks (quivered)
Armour
 b - a +1 scale mail
 c - a +0 shield (worn)
 d - a +0 plate armour (worn)
 s - a +0 pair of gloves (worn)
Jewellery
 i - a ring of resist corrosion (right hand)
 k - an uncursed amulet of harm
 r - a ring of protection from magic (left hand)
 y - an uncursed ring of stealth
 A - an amulet of guardian spirit (around neck)
Wands
 u - a wand of paralysis (19/24)
 v - a wand of confusion (17/48)
 z - a wand of flame (13/48)
Scrolls
 e - a scroll of identify
 p - 2 scrolls of blinking
 t - a scroll of torment {unknown}
 B - 2 scrolls of remove curse
Potions
 g - 6 potions of curing
 j - 2 potions of lignification {unknown}
 m - a potion of magic
 n - 2 potions of agility
 x - a potion of haste
Books
 q - a book of Minor Magic

   Spells                             Type                      Level
   a - Magic Dart                     Conjuration                  1
   b - Blink                          Translocation                2
   c - Call Imp                       Summoning                    2
   d - Slow                           Hexes                        2
   e - Conjure Flame                  Conjuration/Fire             3
   f - Mephitic Cloud                 Conjuration/Poison/Air       3
Comestibles
 f - 7 bread rations
 h - a fruit
 o - 2 meat rations
 w - a royal jelly


   Skills:
 + Level 6.3 Fighting
 + Level 8.8 Long Blades
 + Level 0.3 Throwing
 + Level 7.7 Armour
 - Level 1.5 Dodging
 - Level 0.3 Stealth
 + Level 8.3 Shields


You had 9 spell levels left.
You didn't know any spells.

Dungeon Overview and Level Annotations

Branches:
Dungeon (8/15)             Temple (1/1) D:6            Lair (0/6) D:8

Altars:
Ashenzari
Cheibriados
Dithmenos
Fedhas
Gozag
Hepliaklqana
Kikubaaqudgha
Makhleb
Nemelex Xobeh
Okawaru
Qazlal
Ru
Sif Muna
Trog
Uskayaw
Vehumet
Wu Jian
Xom
Yredelemnul
Zin
The Shining One

Shops:
D:7 =

Annotations:
D:7 2 transporters


Innate Abilities, Weirdness & Mutations

You cannot be hasted, slowed, berserked, paralysed or teleported.
You can dig through walls and to a lower floor.
Your four strong arms can wield two-handed weapons with a shield.
You have a pair of large antennae on your head. (SInv)


Message History

Okawaru is honoured by your kill.
Okawaru will gift you ammunition as your piety grows.
Your Fighting skill increases to level 6!
Your Shields skill increases to level 8!
You have reached level 10!
The howler monkey hits you.
* * * LOW HITPOINT WARNING * * *
The howler monkey hits you.
* * * LOW HITPOINT WARNING * * *
You barely miss the howler monkey. The howler monkey hits you.
You block the howler monkey's attack.
A killer bee comes into view.
You closely miss the howler monkey.
The killer bee buzzes angrily.
You hear an angry buzzing noise.
The howler monkey hits you.
* * * LOW HITPOINT WARNING * * *
The howler monkey hits you.
* * * LOW HITPOINT WARNING * * *
The howler monkey hits you.
You die...

>..## ....## .
#y...### ..
##......##
...###...)..Z.#
.............
......h)Z.#
../...)@# {
......h##
....... ......#
{ ...... .$...#
{ ....# ..##


You could see 2 howler monkeys, a killer bee, a jackal skeleton and a centaur
skeleton (wandering).

Vanquished Creatures
  A two-headed ogre (D:8)
  Joseph (D:7)
  Menkaure (D:5)
  Edmund (D:5)
  A water moccasin (D:6)
  An orc warrior (D:6)
  An ice beast (D:7)
  2 sky beasts
  An ogre (D:6)
  2 phantoms
  2 centaurs
  2 bullfrogs
  3 centaur zombies (Ossuary)
  A jelly (D:7)
  3 hounds
  2 orc priests (D:6)
  A bullfrog skeleton (D:5)
  2 bullfrog zombies (D:6)
  2 iguanas
  3 orc wizards
  2 worker ants
  A big kobold zombie (Ossuary)
  2 hound zombies
  A hound skeleton (D:6)
  4 mummies (Ossuary)
  3 gnolls (D:6)
  6 adders
  A shadow imp (D:6)
  3 oozes
  An adder zombie (D:5)
  An adder skeleton (D:5)
  3 worms
  3 dart slugs
  4 leopard geckos
  14 orcs
  7 bats
  5 giant cockroaches
  6 goblins
  5 hobgoblins
  5 jackals
  2 quokkas (D:5)
  A ball python zombie (D:5)
  3 frilled lizards (D:1)
  A giant cockroach zombie (D:5)
  7 hobgoblin zombies (Ossuary)
  3 kobolds
  A quokka skeleton (D:3)
  8 rats
136 creatures vanquished.

Notes
Turn   | Place    | Note
-------+----------+-------------------------------------------
     0 | D:1      | Slyspawn the Formicid Fighter began the quest for the Orb.
     0 | D:1      | Reached XP level 1. HP: 18/18 MP: 1/1
   202 | D:1      | Reached XP level 2. HP: 24/24 MP: 2/2
   485 | D:1      | Found a shimmering altar of Xom.
   492 | D:1      | Reached XP level 3. HP: 29/29 MP: 3/3
  1098 | D:2      | Noticed a bullfrog
  1109 | D:2      | Killed a bullfrog
  1109 | D:2      | Reached skill level 1 in Dodging
  1109 | D:2      | Reached XP level 4. HP: 25/37 MP: 4/4
  1109 | D:2      | Reached XP level 5. HP: 28/42 MP: 5/5
  2083 | D:3      | You fall through a shaft for 3 floors!
  2109 | D:6      | Reached XP level 6. HP: 21/48 MP: 6/6
  2329 | D:6      | Found a staircase to the Ecumenical Temple.
  2335 | Temple   | Entered the Ecumenical Temple
  2406 | Temple   | Became a worshipper of Warmaster Okawaru
  2595 | D:6      | Noticed a water moccasin
  2610 | D:6      | Killed a water moccasin
  2610 | D:6      | Reached skill level 5 in Shields
  2800 | D:6      | Reached XP level 7. HP: 33/54 MP: 7/7
  3079 | D:5      | Entered Level 5 of the Dungeon
  3317 | D:5      | Reached * piety under Okawaru
  3317 | D:5      | Reached skill level 5 in Long Blades
  3317 | D:5      | Reached skill level 5 in Armour
  3498 | D:5      | Noticed Edmund
  3561 | D:4      | Reached XP level 8. HP: 57/61 MP: 8/8
  3667 | D:4      | Found a sand-covered staircase.
  3676 | Ossuary  | Entered an ossuary
  4776 | D:5      | Killed Edmund
  5067 | D:5      | Reached skill level 5 in Fighting
  5092 | D:5      | Noticed Menkaure
  5103 | D:5      | Killed Menkaure
  5530 | D:6      | Reached XP level 9. HP: 68/68 MP: 9/9
  5661 | D:6      | Reached ** piety under Okawaru
  6277 | D:7      | Noticed Joseph
  6317 | D:7      | Killed Joseph
  6599 | D:7      | Found an iron altar of Okawaru.
  6905 | D:7      | Found a transporter.
  6942 | D:7      | Found a transporter.
  7006 | D:7      | Found Ufialuet's Jewellery Emporium.
  7176 | D:8      | Found a staircase to the Lair.
  7176 | D:8      | Noticed a two-headed ogre
  7197 | D:8      | Killed a two-headed ogre
  7197 | D:8      | Reached *** piety under Okawaru
  7197 | D:8      | Reached XP level 10. HP: 14/76 MP: 1/10
  7199 | D:8      | HP: 3/76 [howler monkey (5)]
  7199 | D:8      | Slain by a howler monkey

Vault maps used:
D:1:      shiori_arrival_oz, xom_teletrap_fun
D:2:      nrook_mini_backslash, minmay_pentomino_x2
D:3:      kennysheep_the_goblin_king, nicolae_overflow_crystal_walls,
          grunt_ministairs_14, amethyst_killhole
D:4:      nicolae_ossuary_entry_monument, kennysheep_diamond
D:5:      first_bread, uniq_edmund, uniq_menkaure, uniq_ijyb
D:6:      minmay_temple_entry_nine_rooms, kennysheep_generic_room_15
D:7:      gammafunk_cloud_chamber, serial_shops, nicolae_shop_waterfront,
          okawaru_trees_2, uniq_joseph
D:8:      lemuel_ratsnest, lair_entry_dummy, uniq_erica
Temple:   nicolae_temple_the_god_donut
Ossuary:  ossuary_the_hunt_dpeg

Skill      XL: |  1  2  3  4  5  6  7  8  9 |
---------------+----------------------------+-----
Shields        | 4 5 6 8 |  8.3
Long Blades    | 3 4 5 6 8 |  8.8
Dodging        | 1 |  1.5
Armour         | 4 5 6 7 |  7.7
Fighting       | 4 5 6 |  6.3
Throwing       | |  0.3
Stealth        | |  0.3

Action                   |  1- 3 |  4- 6 |  7- 9 | 10-12 || total
-------------------------+-------+-------+-------+-------++-------
Melee: Long sword        |    96 |   163 |   434 |     2 ||   695
Throw: Tomahawk          |       |     3 |       |       ||     3
Invok: Heroism           |       |       |     1 |       ||     1
Evoke: Wand              |       |       |     1 |       ||     1
  Use: Scroll            |     7 |       |    11 |       ||    18
       Potion            |     2 |       |     7 |       ||     9
  Eat: Chunk             |     1 |     4 |    16 |       ||    21
Armor: Scale mail        |    69 |    67 |   106 |       ||   242
       Plate armour      |       |       |    38 |       ||    38
Dodge: Dodged            |    48 |    58 |   106 |       ||   212
Block: Shield            |    58 |    81 |   216 |     1 ||   356
       Rpst.: Long sword |     6 |    14 |    32 |       ||    52

Table legend:
 A = Spawn XP
 B = Non-spawn XP
 C = Spawn XP percentage of total XP
 D = Spawn monster count
 E = Non-spawn monster count
 F = Spawn count percentage of total count
 G = Total turns spent on level
                    A         B        C        D         E        F      G
               +---------+---------+-------+---------+---------+-------+---------
         Total |       0 |    4395 |   0.0 |       0 |     136 |   0.0 |  7199
               +---------+---------+-------+---------+---------+-------+---------
           D:1 |       0 |      49 |   0.0 |       0 |      26 |   0.0 |  1080
           D:2 |       0 |     147 |   0.0 |       0 |      14 |   0.0 |   757
           D:3 |       0 |      69 |   0.0 |       0 |      15 |   0.0 |   246
           D:4 |       0 |     313 |   0.0 |       0 |      19 |   0.0 |   772
           D:5 |       0 |     864 |   0.0 |       0 |      17 |   0.0 |  1195
           D:6 |       0 |     807 |   0.0 |       0 |      22 |   0.0 |  1545
           D:7 |       0 |     916 |   0.0 |       0 |       6 |   0.0 |   930
           D:8 |       0 |     990 |   0.0 |       0 |       2 |   0.0 |    23
       Ossuary |       0 |     240 |   0.0 |       0 |      15 |   0.0 |   434
               +---------+---------+-------+---------+---------+-------+---------
